 Dungeon Crawl Stone Soup version 0.20.0-10-g0535bb4 (webtiles) character file.

2692 anfisbena the Cleaver (level 9, -5/85 HPs)
             Began as a Hill Orc Fighter on June 3, 2017.
             Was a Priest of Uskayaw.
             Slain by an orc warrior
             ... wielding a +3 long sword of electrocution
              (8 damage)
             ... on level 7 of the Dungeon.
             The game lasted 00:05:24 (6697 turns).

anfisbena the Cleaver (Hill Orc Fighter)            Turns: 6697, Time: 00:05:25

Health: -5/85      AC: 10    Str: 19    XL:     9   Next: 65%
Magic:  9/9        EV: 11    Int:  8    God:    Uskayaw [***...]
Gold:   390        SH: 10    Dex: 13    Spells: 8/8 levels left

rFire    . . .     SeeInvis .   A - +0 war axe (flame)
rCold    . . .     Gourm    .   c - +0 shield
rNeg     . . .     Faith    .   b - +0 scale mail
rPois    .         Spirit   .   y - +1 helmet
rElec    .         Reflect  .   B - +0 cloak
rCorr    .         Harm     .   (no gloves)
MR       .....                  (no boots)
Stlth    ..........             (no amulet)
Regen    0.3/turn               D - +4 ring of evasion
MPRegen  0.2/turn               (no ring)

@: no status effects
A: no striking features
a: Stomp, Line Pass, Renounce Religion


You were on level 7 of the Dungeon.
You worshipped Uskayaw.
Uskayaw was noncommittal.
You were not hungry.

You visited 1 branch of the dungeon, and saw 7 of its levels.
You also visited: Sewer.

You collected 390 gold pieces.

Inventory:

Hand Weapons
 A - a +0 war axe of flaming (weapon)
Armour
 b - a +0 scale mail (worn)
 c - a +0 shield (worn)
 y - a +1 helmet (worn)
 B - a +0 cloak (worn)
Jewellery
 D - a +4 ring of evasion (left hand)
 E - an uncursed ring of see invisible {unknown}
 K - a +5 ring of intelligence {unknown}
Wands
 v - a wand of acid (7/15)
 C - a wand of paralysis (8/24)
 F - a wand of confusion (14/48)
 G - a wand of disintegration (7/24)
Scrolls
 e - 5 scrolls of fear {unknown}
 h - 2 scrolls of amnesia {unknown}
 i - 4 scrolls of remove curse {unknown}
 j - 10 scrolls of identify {unknown}
 m - a scroll of magic mapping {unknown}
 n - 3 scrolls of enchant weapon {unknown}
 o - 3 scrolls of recharging {unknown}
 u - 4 scrolls of teleportation {unknown}
 H - a scroll of fog {unknown}
 I - a scroll of random uselessness {unknown}
Potions
 d - a potion of berserk rage {unknown}
 g - 5 potions of curing {unknown}
 k - 2 potions of mutation {unknown}
 p - 2 potions of lignification {unknown}
 q - 2 potions of cancellation {unknown}
 r - 3 potions of haste {unknown}
 s - a potion of invisibility {unknown}
 t - 2 potions of agility
 w - 3 potions of brilliance {unknown}
 x - 2 potions of heal wounds {unknown}
Books
 J - a book of Flames

   Spells                             Type                      Level
   a - Flame Tongue                   Conjuration/Fire             1
   b - Throw Flame                    Conjuration/Fire             2
   c - Conjure Flame                  Conjuration/Fire             3
   d - Inner Flame                    Hexes/Fire                   3
   e - Sticky Flame                   Conjuration/Fire             4
   f - Fireball                       Conjuration/Fire             5
Comestibles
 a - 2 chunks of flesh
 f - 8 bread rations
 l - 7 meat rations
 z - a royal jelly


   Skills:
 - Level 10.0 Fighting
 + Level 11.4 Axes
 + Level 5.3 Armour
 + Level 5.3 Shields


You had 8 spell levels left.
You didn't know any spells.

Dungeon Overview and Level Annotations

Branches:
Dungeon (7/15)             Temple (0/1) D:4

Altars:
Ashenzari
Gozag
Qazlal
Ru
Uskayaw
The Shining One

Shops:
D:6 }


Message History

The orc hits you but does no damage. Something hits you.
* * * LOW HITPOINT WARNING * * *
Uskayaw will force your foes to helplessly watch your dance.
Uskayaw prepares the audience for your solo!
The helpless orc wizard fails to defend itself.
You hit the orc wizard. You burn the orc wizard.
The orc wizard is almost dead.
The helpless orc warrior fails to defend itself.
You hit the orc warrior but do no damage.
The helpless orc fails to defend itself.
You slash the orc! You burn the orc.
You kill the orc!
The helpless orc fails to defend itself.
You slash the orc! You burn the orc.
You kill the orc!
You closely miss something.
The orc warrior is no longer paralysed.
The orc warrior hits you with a long sword of electrocution!
* * * LOW HITPOINT WARNING * * *
You are electrocuted!
You die...

......).#.....#. .....
.........#.............
.........#............#
.....................
..................
#+#....#.........
#....#!.......
#.)...........
#.o@../.......
#.o{).........
.................
..................
..........###.....
..........# .....
......##### ... ......


You could see an orc warrior and an orc wizard (paralysed).

Vanquished Creatures
  A meliai (D:7)
  A hippogriff (D:7)
  A hungry ghost (D:7)
  3 ice beasts
  4 phantoms
  3 ogres
  The ghost of louis the Insei, an amateur DsTm (D:3)
  A crocodile (Sewer)
  2 bullfrogs
  A scorpion (D:7)
  4 killer bees (D:7)
  A howler monkey (D:5)
  3 hounds
  3 orc priests (D:6)
  Crazy Yiuf (D:6)
  Ijyb (D:5)
  3 orc wizards
  5 worker ants
  2 hound skeletons (D:7)
  2 worker ant zombies
  Robin (D:3)
  3 gnolls (D:5)
  8 adders
  A shadow imp (D:6)
  2 adder skeletons
  5 worms
  7 dart slugs
  3 leopard geckos
  18 orcs
  A ball python (D:3)
  5 giant cockroaches
  14 goblins
  7 hobgoblins
  6 kobolds
  4 quokkas
  11 bats
  2 frilled lizards (D:2)
  A jackal skeleton (D:4)
  A quokka zombie (D:5)
  6 rats
149 creatures vanquished.

Notes
Turn   | Place    | Note
-------+----------+-------------------------------------------
     0 | D:1      | anfisbena the Hill Orc Fighter began the quest for the Orb.
     0 | D:1      | Reached XP level 1. HP: 19/19 MP: 1/1
    99 | D:1      | Reached skill level 3 in Axes
   359 | D:1      | Reached XP level 2. HP: 25/27 MP: 2/2
   730 | D:1      | Reached XP level 3. HP: 33/33 MP: 3/3
  1573 | D:2      | Reached skill level 4 in Axes
  1652 | D:3      | Noticed louis's ghost (amateur DsTm)
  1658 | D:3      | Killed louis's ghost
  1658 | D:3      | Reached skill level 5 in Fighting
  1658 | D:3      | Reached skill level 5 in Axes
  1658 | D:3      | Reached XP level 4. HP: 38/42 MP: 4/4
  1658 | D:3      | Reached XP level 5. HP: 44/48 MP: 5/5
  2061 | D:3      | Noticed an ice beast
  2069 | D:3      | Killed an ice beast
  2069 | D:3      | Reached skill level 6 in Axes
  2069 | D:3      | Reached XP level 6. HP: 16/57 MP: 6/6
  2607 | D:3      | Noticed Robin
  2614 | D:3      | Reached skill level 7 in Axes
  2619 | D:3      | Reached XP level 7. HP: 57/64 MP: 7/7
  2639 | D:3      | Killed Robin
  2818 | D:4      | Found a stormy altar of Qazlal.
  2820 | D:4      | Found a hide-covered altar of Uskayaw.
  2820 | D:4      | Found a sacrificial altar of Ru.
  2821 | D:4      | Found a glowing golden altar of the Shining One.
  2821 | D:4      | Found an opulent altar of Gozag.
  2824 | D:4      | Became a worshipper of Uskayaw the Reveler
  2832 | D:4      | Reached * piety under Uskayaw
  2860 | D:4      | Reached ** piety under Uskayaw
  3009 | D:4      | Found a staircase to the Ecumenical Temple.
  3382 | D:4      | Found a glowing drain.
  3392 | Sewer    | Entered a sewer
  3394 | Sewer    | Reached skill level 8 in Axes
  3775 | D:5      | Entered Level 5 of the Dungeon
  3884 | D:5      | Noticed Ijyb
  3898 | D:5      | Paralysed by Ijyb for 6 turns
  3911 | D:5      | Killed Ijyb
  4186 | D:5      | Reached XP level 8. HP: 72/75 MP: 8/8
  4255 | D:5      | Reached *** piety under Uskayaw
  4673 | D:6      | Reached skill level 9 in Axes
  4674 | D:6      | Reached **** piety under Uskayaw
  4679 | D:6      | Reached ***** piety under Uskayaw
  5202 | D:6      | Found a shattered altar of Ashenzari.
  5231 | D:6      | Reached skill level 10 in Axes
  5283 | D:6      | Found a runed door.
  5342 | D:6      | Found Doekluo's Gadget Boutique.
  5379 | D:6      | Reached skill level 10 in Fighting
  5598 | D:6      | Noticed Crazy Yiuf
  5602 | D:6      | Killed Crazy Yiuf
  5602 | D:6      | Reached XP level 9. HP: 77/85 MP: 9/9
  6061 | D:7      | Reached skill level 11 in Axes
  6313 | D:7      | Noticed a meliai
  6323 | D:7      | Killed a meliai
  6329 | D:7      | Reached skill level 5 in Armour
  6329 | D:7      | Reached skill level 5 in Shields
  6697 | D:7      | HP: 3/85 [orc warrior/long sword of electrocution (9)]
  6697 | D:7      | Slain by an orc warrior

Skill      XL: |  1  2  3  4  5  6  7  8  9 |
---------------+----------------------------+-----
Axes           | 3 5 6 7 8 10 11 | 11.4
Fighting       | 4 5 6 8 10 | 10.0
Armour         | 5 |  5.3
Shields        | 5 |  5.3

Action                   |  1- 3 |  4- 6 |  7- 9 || total
-------------------------+-------+-------+-------++-------
Melee: War axe           |    98 |    93 |   346 ||   537
  Use: Potion            |     1 |       |     1 ||     2
 Stab: Paralysed         |       |       |    12 ||    12
  Eat: Chunk             |     1 |     5 |    14 ||    20
Armor: Scale mail        |    39 |    39 |   120 ||   198
Dodge: Dodged            |    33 |    27 |   102 ||   162
Block: Shield            |    45 |    41 |   157 ||   243
